 Dungeon Crawl Stone Soup version 0.29.0-4-gdea44cf6ec (webtiles) character file.

Game seed: 2472713927201332161

51 qw the Chopper (level 3, -1/21 HPs)
             Began as a Tengu Warper on Aug 28, 2022.
             Slain by Sigmund
             ... wielding a +0 scythe
              (8 damage)
             ... on level 2 of the Dungeon.
             The game lasted 00:00:09 (1956 turns).

qw the Chopper (Tengu Warper)                       Turns: 1956, Time: 00:00:10

Health: -1/21      AC:  5    Str: 13    XL:     3   Next: 81%
Magic:  7/7        EV: 10    Int: 13    God:
Gold:   62         SH:  0    Dex: 13    Spells: 6/6 levels left

rFire   . . .      SeeInvis .   Y - +0 hand axe
rCold   . . .      Faith    .   k - +0 buckler
rNeg    . . .      Spirit   .   g - +0 ring mail
rPois   .          Reflect  .   (helmet restricted)
rElec   .          Harm     .   (no cloak)
rCorr   .          Rampage  .   (no gloves)
Will    .....                   (boots unavailable)
Stlth   ..........              (no amulet)
HPRegen 0.07/turn               (no ring)
MPRegen 0.10/turn               (no ring)

@: confused
A: beak, talons 3
a: no special abilities


You were on level 2 of the Dungeon.
You visited 1 branch of the dungeon, and saw 2 of its levels.

You collected 62 gold pieces.


Innate Abilities, Weirdness & Mutations

You have a beak for a mouth.
You have claws for feet.


   Skills:
 - Level 2.0 Fighting
 + Level 4.1 Axes
 - Level 1.0 Throwing
 - Level 1.1 Armour
 - Level 2.1 Dodging
 - Level 1.0 Shields
 - Level 2.0 Spellcasting
 - Level 2.4 Translocations


You had 6 spell levels left.
You didn't know any spells.
Your spell library contained the following spells:

 Spells                   Type           Power      Damage    Failure   Level
 Blink                    Tloc           14%        N/A       38%         2
 Gell's Gravitas          Tloc           7%         N/A       63%         3
 Lesser Beckoning         Tloc           7%         N/A       63%         3
 Teleport Other           Tloc           7%         N/A       63%         3
 Manifold Assault         Tloc           7%         N/A       100%        5

Inventory:

Hand Weapons
 b - a +0 flail
 Y - a +0 hand axe (weapon)
Missiles
 c - 4 javelins (quivered)
Armour
 g - a +0 ring mail (worn)
 j - a +0 scale mail
 k - a +0 buckler (worn)
Scrolls
 a - a scroll of identify
Potions
 d - a potion of ambrosia {unknown}
 e - a potion of curing {unknown}
 f - a potion of might {unknown}
 h - 2 potions of attraction {unknown}
 i - a potion of lignification {unknown}
 l - a potion of flight {unknown}

Dungeon Overview and Level Annotations

Branches:
Dungeon (2/15)

Altars:

Shops:
D:1 (=[::

Annotations:
D:2 Sigmund


Message History

Enter note: Sigmund casts a spell at you.
You are confused.
You bump into the rock wall.
Sigmund barely misses you.
You bump into the rock wall.
You're too confused to move!
Sigmund screams, "You will never...
NEVER!!!"
Sigmund hits you from afar with a +0 scythe.
You're too confused to move!
Sigmund hits you from afar with a +0 scythe!
You bump into the rock wall.
You feel less confused.
Sigmund points at you and mumbles some strange words.
The magic dart hits you.
You hit Sigmund but do no damage. Your kick misses Sigmund.
Sigmund hits you with a +0 scythe.
You closely miss Sigmund. Sigmund gestures at you while chanting.
You resist with significant effort.
You hit Sigmund. You claw Sigmund. Your peck misses Sigmund.
Sigmund is lightly wounded.
Sigmund gestures at you while chanting. You resist with significant effort.
You hit Sigmund.
Sigmund is moderately wounded.
Sigmund closely misses you.
You completely miss Sigmund. Your kick misses Sigmund.
Your peck misses Sigmund.
Sigmund is moderately wounded.
Sigmund closely misses you.
You closely miss Sigmund. Your peck misses Sigmund.
Sigmund is moderately wounded.
You hit Sigmund but do no damage.
Sigmund is moderately wounded.
Sigmund gestures at you while chanting.
You are confused.
You hit Sigmund but do no damage. Your kick misses Sigmund.
Sigmund is moderately wounded.
Sigmund hits you with a +0 scythe!
You die...

## #.# #.#
#.#####
#.....#
#####.# #.#
#.#
##########.#
######.#
...........#
#..@@..#
############
#.######
>.....# #.#
#####.# #.#
#.# #.# #.#
#.# #.# #.#
#####.# #.#
..<...# #.#


You could see Sigmund.

Vanquished Creatures
  3 dart slugs (D:1)
  An orc (D:2)
  5 ball pythons
  6 bats
  4 endoplasms
  3 giant cockroaches
  2 goblins
  5 hobgoblins
  3 kobolds (D:1)
  A quokka (D:1)
  4 frilled lizards
  4 rats
41 creatures vanquished.

Notes
Turn   | Place    | Note
-------+----------+-------------------------------------------
     0 | D:1      | qw the Tengu Warper began the quest for the Orb.
     0 | D:1      | Reached XP level 1. HP: 12/12 MP: 4/4
     0 | D:1      | 0 ||| qw: Version: 0.1-a-89-g26bdef1
     0 | D:1      | 0 ||| qw: Game counter: 1942
     0 | D:1      | 0 ||| qw: Always use a shield: true
     0 | D:1      | 0 ||| qw: God list: Okawaru
     0 | D:1      | 0 ||| qw: Allow faded altars: false
     0 | D:1      | 0 ||| qw: Do Orc after D:15 true
     0 | D:1      | 0 ||| qw: Do second Lair branch before Depths: true
     0 | D:1      | 0 ||| qw: Lair rune preference: random
     0 | D:1      | 0 ||| qw: Plans: Normal
     0 | D:1      | 0 ||| PLANNING D:1-11
    40 | D:1      | 40 ||| Stepping ~*~*~tactically~*~*~ (hiding).
   168 | D:1      | Found Tamop's Jewellery Boutique.
   181 | D:1      | 181 ||| SHOPLISTING ring of Mouptie {rPois rN+} (436 gold,
                  | have 0).
   181 | D:1      | 181 ||| SHOPLISTING ring of fire (350 gold, have 0).
   181 | D:1      | 181 ||| SHOPLISTING ring of positive energy (280 gold, have
                  | 0).
   181 | D:1      | 181 ||| SHOPLISTING ring of protection from cold (350 gold,
                  | have 0).
   181 | D:1      | 181 ||| SHOPLISTING ring of resist corrosion (280 gold,
                  | have 0).
   234 | D:1      | 234 ||| Stepping ~*~*~tactically~*~*~ (stealth).
   240 | D:1      | 240 ||| Stepping ~*~*~tactically~*~*~ (hiding).
   245 | D:1      | Reached skill level 3 in Axes
   245 | D:1      | Reached XP level 2. HP: 16/17 MP: 6/6
   354 | D:1      | Found Weosagair's Armour Emporium.
   362 | D:1      | 362 ||| SHOPLISTING +0 ring mail (56 gold, have 25).
   362 | D:1      | 362 ||| SHOPLISTING +1 chain mail of poison resistance (189
                  | gold, have 25).
   362 | D:1      | 362 ||| SHOPLISTING +1 pair of gloves of Duck's Teeth {rF+
                  | Will- Regen+ Dex+5} (417 gold, have 25).
   362 | D:1      | 362 ||| SHOPLISTING +2 hat (224 gold, have 25).
   362 | D:1      | 362 ||| SHOPLISTING +3 chain mail of Men Woy {rC- rN+++
                  | Str+7} (772 gold, have 25).
   362 | D:1      | 362 ||| SHOPLISTING +3 ring mail of willpower (364 gold,
                  | have 25).
   362 | D:1      | 362 ||| SHOPLISTING +3 scale mail of willpower (364 gold,
                  | have 25).
   372 | D:1      | Found Sah Fiph's Book Shoppe.
   640 | D:1      | 640 ||| Stepping ~*~*~tactically~*~*~ (stealth).
   641 | D:1      | 641 ||| Stepping ~*~*~tactically~*~*~ (stealth).
   756 | D:1      | Found Orphuuwk's Antique Weapon Emporium.
   759 | D:1      | 759 ||| DROPPING +0 club.
   942 | D:1      | 942 ||| Stepping ~*~*~tactically~*~*~ (stealth).
   970 | D:1      | Found Niagrix's Book Shop.
   981 | D:1      | Reached XP level 3. HP: 21/21 MP: 7/7
  1197 | D:1      | Reached skill level 4 in Axes
  1204 | D:1      | 1204 ||| Stepping ~*~*~tactically~*~*~ (stealth).
  1354 | D:1      | 1354 ||| UPGRADING to +0 ring mail.
  1364 | D:1      | 1364 ||| DROPPING +0 leather armour.
  1365 | D:1      | 1365 ||| UPGRADING to +0 buckler.
  1370 | D:1      | 1370 ||| READING 2 scrolls labelled TORUONKOTO.
  1371 | D:1      | 1371 ||| DROPPING scroll of blinking.
  1382 | D:2      | 1382 ||| STAIRDANCE
  1421 | D:2      | 1421 ||| Stepping ~*~*~tactically~*~*~ (stealth).
  1422 | D:2      | 1422 ||| Stepping ~*~*~tactically~*~*~ (stealth).
  1423 | D:2      | 1423 ||| Stepping ~*~*~tactically~*~*~ (stealth).
  1455 | D:2      | 1455 ||| Stepping ~*~*~tactically~*~*~ (stealth).
  1467 | D:2      | 1467 ||| DROPPING +0 mace.
  1478 | D:2      | 1478 ||| Stepping ~*~*~tactically~*~*~ (stealth).
  1541 | D:2      | Reached skill level 1 in Shields
  1568 | D:2      | 1568 ||| Stepping ~*~*~tactically~*~*~ (stealth).
  1802 | D:2      | 1802 ||| Stepping ~*~*~tactically~*~*~ (stealth).
  1803 | D:2      | 1803 ||| Stepping ~*~*~tactically~*~*~ (stealth).
  1941 | D:2      | Noticed Sigmund
  1956 | D:2      | Slain by Sigmund

Levels and vault maps discovered:
D:1:      lightli_arrival_quake, layout_loops_corners, serial_shops, shop,
          nicolae_shop_statue_plus, nicolae_shop_behind_doors,
          nicolae_shop_advertising_works [nicolae_subvault_shop_adworks],
          nicolae_diamond_shop
D:2:      layout_loops_ring, uniq_sigmund

Skill      XL: |  1  2  3 |
---------------+----------+-----
Axes           | 3 4 |  4.1
Shields        | 1 |  1.0
Fighting       | |  2.0
Throwing       | |  1.0
Armour         | |  1.1
Dodging        | |  2.1
Spellcasting   | |  2.0
Translocations | |  2.4

Action                   || total
-------------------------++-------
Melee: Hand axe          ||    97
       Kick              ||    20
       Peck              ||    10
Throw: Boomerang         ||     7
       Javelin           ||     4
  Use: Scroll            ||     1
Armor: Leather armour    ||    11
       Ring mail         ||    13
Dodge: Dodged            ||    45
Block: Buckler           ||     7

Table legend:
 A = Non-vault XP
 B = Vault XP
 C = Vault XP percentage of total XP
 D = Non-vault monster count
 E = Vault monster count
 F = Vault count percentage of total count
                 A         B        C        D         E       F
            +---------+---------+-------+---------+---------+-------
      Total |      73 |       0 |   0.0 |      41 |       0 |   0.0
            +---------+---------+-------+---------+---------+-------
        D:1 |      52 |       0 |   0.0 |      27 |       0 |   0.0
        D:2 |      21 |       0 |   0.0 |      14 |       0 |   0.0
            +---------+---------+-------+---------+---------+-------
